[Event "Team 45 45 League T95"]
[Site "Internet Chess Club"]
[Date "2023.03.09"]
[Round "8"]
[White "PsyMar"]
[Black "NATYNL09"]
[Result "0-1"]
[WhiteElo "1230"]
[BlackElo "1118"]
[Opening "Scotch: Lolli variation"]
[ECO "C44"]
[Time "18:00:38"]
[PlyCount "82"]
[TimeControl "2700+45"]

1. e4 e5 2. Nf3 Nc6 3. d4 Nxd4 4. Nxe5 Nc6 5. Qd5 Nxe5 6. Qxe5+ Ne7 7. Bc4 f6 8.
Qg3 d5 9. exd5 Nxd5 10. O-O Bd6 11. f4 Bc5+ 12. Kh1 O-O 13. Nc3 c6 14. Qf3 Be6
15. f5 Bf7 16. a3 a5 17. Ne4 Bb6 18. Bd2 Re8 19. b4 axb4 20. axb4 Nxb4 21. Bxf7+
Kxf7 22. Bxb4 Rxa1 23. Rxa1 Qd4 24. Nd6+ Kf8 25. Nb5+ Qxb4 26. Nc3 Qb2 27. Rd1
Qxc2 28. h4 Re3 29. Qg4 Rxc3 30. Qb4+ Bc5 31. Rd8+ Ke7 32. Qxb7+ Kxd8 33. Qb8+
Kd7 34. Qb7+ Kd6 35. Qb8+ Kd5 36. Qg8+ Ke5 37. Qe6+ Kf4 38. g3+ Kf3 39. Qxc6+
Kxg3 40. Qc7+ Kh3 41. Qxg7 Qh2# {White checkmated} 0-1

[Event "Team 45 45 League T95"]
[Site "Internet Chess Club"]
[Date "2023.03.09"]
[Round "8"]
[White "BlueStorm"]
[Black "ChessMaine"]
[Result "0-1"]
[WhiteElo "1401"]
[BlackElo "1495"]
[Opening "French: Fort Knox variation"]
[ECO "C00"]
[Time "19:00:32"]
[PlyCount "92"]
[TimeControl "2700+45"]

1. e4 e6 2. Nf3 d5 3. Nc3 dxe4 4. Nxe4 Bd7 5. d4 Bc6 6. Bd3 Nd7 7. O-O Ngf6 8.
Re1 Nxe4 9. Bxe4 Bxe4 10. Rxe4 Nf6 11. Bg5 h6 12. Bxf6 Qxf6 13. Qd3 c6 14. Qb3
b6 15. Ne5 Qf5 16. Rae1 Rc8 17. Qa4 Bd6 18. Nxc6 O-O 19. Ne5 Rc7 20. c3 Rfc8 21.
g4 Qg5 22. f4 Qh4 23. Qd1 Be7 24. Qf3 Bd6 25. f5 exf5 26. Qxf5 g6 27. Qf3 Kg7
28. R1e2 Qg5 29. Qe3 Qd8 30. Nf3 b5 31. Re8 Qd7 32. Rxc8 Qxg4+ 33. Rg2 Qxc8 34.
Qd3 b4 35. Rc2 Qg4+ 36. Rg2 Qc8 37. Rc2 bxc3 38. bxc3 Qg4+ 39. Kf2 Qh3 40. Qf1
Qf5 41. Qe2 Bxh2 42. Ke1 Bd6 43. Kd1 Re7 44. Qf2 Qd3+ 45. Kc1 Ba3+ 46. Kb1 Qd1+
{White resigns} 0-1

[Event "Team 45 45 League T95"]
[Site "Internet Chess Club"]
[Date "2023.03.10"]
[Round "8"]
[White "Denis240964"]
[Black "BrerRabbit"]
[Result "0-1"]
[WhiteElo "1320"]
[BlackElo "1339"]
[Opening "Scandinavian (center counter) defense"]
[ECO "B01"]
[Time "13:01:31"]
[PlyCount "120"]
[TimeControl "2700+45"]

1. e4 d5 2. exd5 Qxd5 3. Nc3 Qd8 4. d4 Nf6 5. Nf3 Bg4 6. Be2 e6 7. O-O c6 8. Ne5
Bxe2 9. Nxe2 Nbd7 10. Bg5 Be7 11. c3 O-O 12. Ng3 Nb6 13. Re1 Qc7 14. Qf3 Rad8
15. Bf4 Bd6 16. Rad1 Nbd5 17. Bg5 Be7 18. c4 Nb6 19. b3 Nc8 20. Ne4 Nxe4 21.
Bxe7 Nxe7 22. Rxe4 c5 23. Qg3 Nf5 24. Qf4 Nxd4 25. Qe3 b6 26. Qh3 Ne2+ 27. Kf1
Rxd1+ 28. Kxe2 Rfd8 29. Re3 R1d2+ 30. Kf3 Rxa2 31. Qh5 Rdd2 32. Ng4 Qd7 33. Qe5
Qd6 34. Qe4 h6 35. Ne5 Rxf2+ 36. Kg3 Qe7 37. Qa8+ Kh7 38. Qe4+ g6 39. Rd3 Qg5+
40. Ng4 Rxg2+ 41. Kf3 Qxg4+ 42. Qxg4 Rxg4 43. Kxg4 Rxh2 44. Rd7 Kg7 45. Rxa7 Rd2
46. Rb7 Rd6 47. Kf4 Kf6 48. Rb8 h5 49. Ke4 h4 50. Ra8 g5 51. Ra1 Rd4+ 52. Ke3 e5
53. Rf1+ Rf4 54. Rg1 Kf5 55. Rg2 g4 56. Ke2 f6 57. Ke1 Rf3 58. Rb2 g3 59. b4 h3
60. bxc5 bxc5 {White resigns} 0-1

[Event "Team 45 45 League T95"]
[Site "Internet Chess Club"]
[Date "2023.03.10"]
[Round "8"]
[White "smsxman"]
[Black "Visin"]
[Result "1-0"]
[WhiteElo "1299"]
[BlackElo "1303"]
[Opening "Four knights: Spanish variation"]
[ECO "C48"]
[Time "10:00:26"]
[PlyCount "77"]
[TimeControl "2700+45"]

1. e4 e5 2. Nf3 Nc6 3. Nc3 Nf6 4. Bb5 d6 5. O-O Bd7 6. Re1 Be7 7. Bxc6 Bxc6 8.
d4 exd4 9. Nxd4 Bd7 10. Bg5 O-O 11. Bxf6 Bxf6 12. Nf3 Bg4 13. Qd3 Re8 14. h3 Bd7
15. Rab1 a6 16. Nd5 h6 17. Nxf6+ Qxf6 18. c3 Bc6 19. Nd2 Qg6 20. f3 Bd7 21. Kh2
Re7 22. Qf1 Rae8 23. Qf2 b6 24. Rbd1 b5 25. b3 Qf6 26. Re3 d5 27. Qg3 Bc6 28.
Qe1 dxe4 29. fxe4 Qg6 30. Qg3 Qxg3+ 31. Kxg3 f5 32. Rde1 Kf8 33. Kf4 fxe4 34.
Nxe4 g5+ 35. Kf5 Kg7 36. Nf6 Rxe3 37. Nxe8+ Kf7 38. Rxe3 Bxg2 39. Nxc7 {Black
resigns} 1-0

[Event "Team 45 45 League T95"]
[Site "Internet Chess Club"]
[Date "2023.03.12"]
[Round "8"]
[White "bardu"]
[Black "Ostap-Bender"]
[Result "1/2-1/2"]
[WhiteElo "1190"]
[BlackElo "1221"]
[Opening "Nimzo-Indian: classical variation"]
[ECO "E32"]
[Time "15:15:25"]
[PlyCount "104"]
[TimeControl "2700+45"]

1. d4 Nf6 2. c4 e6 3. Nc3 Bb4 4. Qc2 O-O 5. a3 Bxc3+ 6. Qxc3 d5 7. Nf3 Nbd7 8.
Bg5 h6 9. Bh4 c6 10. e3 Qc7 11. Bd3 b6 12. cxd5 exd5 13. Bg3 Qb7 14. Ne5 Nxe5
15. Bxe5 Ne4 16. Bxe4 dxe4 17. O-O Be6 18. Bxg7 Kxg7 19. d5+ Kg8 20. dxe6 fxe6
21. Qe5 Qf7 22. Qxe4 c5 23. Qg4+ Kh7 24. Rad1 Rad8 25. Rxd8 Rxd8 26. Rd1 Rg8 27.
Qe4+ Kh8 28. Qe5+ Qg7 29. Qxg7+ Rxg7 30. Rd8+ Kh7 31. Re8 Rd7 32. Kf1 Rd2 33.
Rxe6 Rxb2 34. Re7+ Kg6 35. Rxa7 c4 36. Rc7 b5 37. Ke1 Ra2 38. Rc6+ Kg5 39. Rc5+
Kg6 40. Rxb5 Rxa3 41. Rc5 c3 42. Kd1 Ra1+ 43. Kc2 Ra2+ 44. Kxc3 Rxf2 45. Rc6+
Kg5 46. Kd3 Rxg2 47. e4 Rxh2 48. Rc5+ Kf6 49. e5+ Ke6 50. Ke4 Rh4+ 51. Kf3 Rh5
52. Kf4 Rh4+ {Game drawn by mutual agreement} 1/2-1/2